Map: Sueño ártico EE

Players

HarunA

  • Race: Zerg Zerg
  • Spawn Location: 11:00

max

  • Race: Terran Terran
  • Spawn Location: 12:00

MrFercho

  • Race: Zerg Zerg
  • League: Silver
  • Spawn Location: 6:00

tigro

  • Race: Terran Terran
  • League: Bronze
  • Spawn Location: 5:00

VOD

Have the link to the VOD?

Description

Time

  • Played on: May 27, 2020, 10:28 p.m.
  • Length: 9:13
Show
View Real Time Build Order
Export as new Build Order

HarunA Zerg 

Build Orders: Hatch First 

Get SALT Encoding   

  12  0:08  Overlord  
  12  0:13  Drone  
  13  0:17  Drone  
  14  0:28  Drone  
  14  0:30  Drone  
  16  0:51  Hatchery  
  16  0:53  Drone  
  17  0:57  Drone  
  17  1:03  Drone  
  18  1:07  Extractor  
  17  1:13  Drone  
  18  1:22  Spawning Pool  
  17  1:28  Drone  
  18  1:37  Drone  
  19  1:45  Drone  
  20  1:56  Overlord  
  20  2:03  Drone  
  20  2:07  Drone  
  22  2:08  Queen x2  
  22  2:14  Drone  
  27  2:17  Metabolic Boost  
  27  2:19  Zergling x2  
  28  2:25  Zergling x2  
  28  2:28  Drone  
  30  2:35  Drone  
  31  2:48  Overlord  
  31  3:00  Extractor  
  31  3:02  Zergling x2  
  31  3:03  Zergling x6, Evolution Chamber  
  33  3:06  Evolution Chamber  
  33  3:11  Baneling Nest  
  32  3:14  Drone x2  
  33  3:28  Drone x2  
  33  3:30  Overlord  
  33  3:33  Zerg Melee Weapons Level 1  
  35  3:37  Overlord  
  35  3:51  Drone x3  
  35  3:52  Drone x2  
  40  4:03  Zergling x4, Evolution Chamber  
  40  4:04  Hatchery  
  40  4:06  Baneling x2  
  40  4:07  Baneling  
  40  4:09  Baneling x2  
  40  4:16  Drone  
  41  4:19  Overlord  
  41  4:27  Drone x3, Extractor  
  43  4:34  Extractor  
  43  4:37  Drone  
  43  4:38  Drone x2  
  45  4:43  Zerg Ground Armor Level 1  
  45  4:46  Overlord  
  45  4:48  Zergling x2  
  45  4:50  Zergling x2  
  47  4:57  Drone x3  
  50  5:04  Lair  
  50  5:09  Drone x2  
  50  5:10  Drone  
  50  5:13  Drone  
  54  5:15  Drone  
  55  5:23  Queen  
  57  5:29  Drone  
  57  5:30  Drone x3  
  61  5:46  Zergling x2  
  61  5:47  Zergling x14  
  61  5:48  Zergling x2  
  69  5:56  Zergling x4  
  69  5:57  Zergling x6  
  69  6:00  Zergling x2  
  70  6:05  Baneling x2  
  70  6:06  Baneling x3  
  70  6:07  Drone  
  70  6:08  Drone x2  
  70  6:10  Overlord  
  73  6:21  Zerg Melee Weapons Level 2  
  73  6:25  Overlord  
  73  6:26  Overlord  
  73  6:35  Drone x5  
  73  6:37  Hatchery  
  77  6:52  Zergling x6  
  77  6:53  Zergling x12  
  86  7:05  Zergling x4  
  86  7:06  Zergling x2  
  89  7:14  Zergling x10  
  93  7:20  Queen  
  95  7:23  Queen  
  95  7:27  Centrifical Hooks  
  97  7:41  Overlord x3  
  97  7:49  Drone x4  
  97  7:50  Drone x2  
  103  8:05  Hatchery  
  102  8:13  Zergling x4  
  102  8:16  Drone x6  
  102  8:17  Drone x3  
  110  8:35  Zergling x2  
  110  8:36  Zergling x12  
  110  8:37  Zergling x6  
  112  8:45  Zergling x4  
Show
View Real Time Build Order
Export as new Build Order

max Terran 

Build Orders:  

Get SALT Encoding   

  12  0:01  SCV  
  13  0:13  SCV  
  14  0:18  Supply Depot  
  14  0:25  SCV  
  15  0:39  SCV  
  15  0:41  Barracks  
  16  0:44  Refinery  
  16  0:51  SCV  
  17  1:03  SCV  
  18  1:15  SCV  
  19  1:28  SCV  
  20  1:34  Reaper  
  20  1:35  Command Center  
  21  1:41  SCV  
  22  1:58  SCV, Supply Depot  
  23  2:13  Refinery  
  23  2:19  SCV  
  24  2:23  Barracks Reactor, Factory  
  24  2:31  SCV  
  25  3:01  Marine x2  
  27  3:05  Orbital Command  
  27  3:19  Marine x2  
  29  3:22  Factory Tech Lab  
  28  3:35  SCV x2  
  28  3:37  Marine x2  
  32  3:43  Siege Tank  
  32  3:47  SCV x2  
  37  3:51  Starport  
  37  3:54  Marine x2  
  39  4:01  SCV x2  
  41  4:12  Marine x2  
  41  4:13  SCV x2  
  45  4:19  Supply Depot  
  45  4:25  SCV  
  45  4:31  Supply Depot  
  46  4:41  SCV, Siege Tank  
  46  4:42  Supply Depot  
  46  4:45  Supply Depot  
  50  4:50  Medivac  
  52  4:54  Barracks Reactor  
  52  4:56  SCV x2, Supply Depot  
  54  5:00  Refinery  
  54  5:02  Refinery  
  54  5:04  Supply Depot  
  54  5:07  Supply Depot  
  54  5:08  SCV x2  
  54  5:13  Siege Tank  
  59  5:16  Liberator  
  59  5:18  Supply Depot  
  59  5:20  SCV x2  
  64  5:32  Marine x2  
  64  5:34  Medivac  
  68  5:41  Engineering Bay  
  68  5:42  Engineering Bay  
  68  5:45  SCV x2  
  68  5:49  Marine  
  70  5:50  Marine  
  72  5:57  SCV x2  
  74  6:07  Marine  
  69  7:08  Marine  
  69  7:09  Marine  
  69  7:10  Siege Tank  
  74  7:26  Marine x2  
  76  7:42  Siege Tank  
  79  7:44  Marine x2  
  81  8:02  Marine  
  82  8:15  Siege Tank  
Show
View Real Time Build Order
Export as new Build Order

MrFercho Zerg 

Build Orders: Pool First 

Get SALT Encoding   

  12  0:23  Spawning Pool  
  11  1:01  Hatchery  
  10  1:21  Overlord  
  10  1:22  Overlord x2  
  10  1:31  Extractor  
  9  1:36  Extractor  
  8  1:41  Queen  
  8  1:45  Drone  
  11  2:00  Drone x2  
  13  2:13  Drone  
  14  2:21  Drone x2  
  16  2:24  Drone  
  17  2:34  Drone  
  17  2:35  Drone  
  19  2:54  Metabolic Boost  
  19  3:02  Zergling x2  
  19  3:03  Zergling x6  
  23  3:13  Drone  
  23  3:14  Drone  
  25  3:21  Evolution Chamber  
  24  3:45  Roach Warren  
  23  3:49  Zerg Ground Armor Level 1  
  23  3:57  Drone x2  
  23  4:00  Drone  
  26  4:40  Roach x5  
  36  4:51  Drone x4  
  40  4:57  Lair  
  40  5:02  Overlord  
  40  5:28  Drone  
  40  5:29  Drone x3  
  44  5:50  Hatchery  
  33  6:10  Zergling x12  
  40  6:11  Zergling x2  
  29  7:09  Zerg Missile Weapons Level 1, Hydralisk Den  
  29  7:15  Drone x2  
  24  7:44  Hydralisk x7  
  24  7:45  Hydralisk x5  
  48  8:04  Spore Crawler  
  47  8:07  Spore Crawler x2  
  47  8:12  Spine Crawler  
  44  8:16  Spine Crawler  
  23  8:44  Roach  
  23  8:45  Roach x5  
Show
View Real Time Build Order
Export as new Build Order

tigro Terran 

Build Orders:  

Get SALT Encoding   

  12  0:02  SCV  
  13  0:14  SCV  
  14  0:22  Supply Depot  
  14  0:26  SCV  
  15  0:32  Refinery  
  15  0:53  SCV  
  15  0:54  Barracks  
  16  1:04  Refinery  
  16  1:05  SCV  
  17  1:17  Supply Depot  
  17  1:18  SCV  
  18  1:30  SCV  
  19  1:42  SCV  
  19  1:43  Marine  
  21  2:01  Marine  
  22  2:02  Barracks  
  22  2:05  SCV  
  23  2:17  SCV  
  23  2:18  Marine  
  25  2:29  SCV  
  26  2:31  Engineering Bay  
  26  2:36  Marine  
  27  2:41  SCV  
  28  2:54  Marine  
  29  3:00  Barracks Tech Lab  
  29  3:12  Reaper  
  30  3:37  Orbital Command  
  30  3:52  Factory  
  30  3:55  Barracks Tech Lab  
  30  3:56  Combat Shield  
  30  4:10  Marauder  
  32  4:28  Command Center  
  32  4:32  Marauder  
  32  4:37  Stimpack  
  34  4:42  Terran Infantry Weapons Level 1  
  34  4:45  Factory Tech Lab  
  34  4:53  Marauder  
  36  5:00  Marine  
  36  5:02  Starport  
  37  5:14  Marauder  
  37  5:15  Concussive Shells  
  39  5:22  Marine  
  39  5:23  Siege Tank  
  43  5:36  Marauder  
  43  5:40  Marine  
  46  5:45  Medivac  
  48  5:57  Marine  
  49  6:15  Marine  
  50  6:18  Refinery  
  35  6:33  Marine  
  27  6:51  Marine  
  27  6:52  Marine  
  9  7:09  Marine  
  9  7:10  Marine  
  5  7:46  SCV  
  6  7:58  SCV, Supply Depot  
Tags
 
Add a new tag
Caveats
  • Supply blocks, unpowered buildings, or Contaminate may cause inaccurate times.
  • Supply counts are checked every 10 seconds.